[Event "Titled Tuesday Blitz April 05 Late 2022"]
[White "Sadhwani, Raunak"]
[Black "Demchenko, Anton"]
[WhiteFideId "35093487"]
[BlackFideId "4160258"]
[WhiteElo "2616"]
[BlackElo "2539"]
[Result "1-0"]
[Round "06"]
[TimeControl "180+1"]
[Date "2022.04.05"]
[WhiteClock "0:00:10"]
[BlackClock "0:00:07"]

1. d4 Nf6 2. Nf3 d6 3. Nc3 Bf5 4. Nh4 Bg6 5. Nxg6 hxg6 6. e4 e5 7. Be3 Nbd7 8. Be2 c6 9. a4 Qa5 10. Qd2 Be7 11. O-O Nh5 12. g3 Qc7 13. a5 Nhf6 14. Rfe1 Qc8 15. h4 O-O 16. Bg5 Re8 17. Bf1 Bf8 18. d5 a6 19. dxc6 bxc6 20. b3 Nc5 21. Bxf6 gxf6 22. Na4 Nxa4 23. Rxa4 Qc7 24. h5 Red8 25. Qd1 Qd7 26. Kh2 d5 27. Bh3 Qe8 28. Qg4 dxe4 29. Qxe4 Rd2 30. Re2 f5 31. Qe3 Bh6 32. Qxd2 Bxd2 33. Rxd2 Rd8 34. Re2 e4 35. hxg6 fxg6 36. Rb4 Kg7 37. Rb6 Ra8 38. Bg2 Kf6 39. f3 e3 40. f4 Rc8 41. Rxa6 Qe6 42. Rb6 Rh8+ 43. Kg1 Qd7 44. Rxc6+ Kg7 45. Rxe3 Qd1+ 46. Kf2 Rh2 47. Re7+ Kh6 48. Rce6 Qd2+ 49. Re2 Qd4+ 50. R7e3 Qa1 51. a6 Qh1 52. Kf3 Qa1 53. Kf2 Qxa6 54. Kg1 Rh5 55. Bf3 Rh3 56. Kg2 Rh5 57. Bxh5 Kxh5 58. Re6 Qa7 59. R6e3 Kg4 60. Kf2 Qb7 61. Ke1 Qb4+ 62. Kd1 Qa3 63. Rd3 Qa1+ 64. Kd2 Qa3 65. Ree3 Qb4+ 66. Kc1 Qa5 67. Kb1 Qb4 68. Kb2 Qa5 69. Rc3 Qd5 70. Rc4 Qb5 71. Rec3 Qb6 72. Rc6 Qd4 73. Rxg6+ Kh3 74. Rg5 Qe4 75. g4+ Kh4 76. Rxf5 Kxg4 77. Rf6 Qd4 78. Rc6 Kf5 79. Rc4 Qg7 80. Rc5+ Kg4 81. Rc4 Kf5 82. b4 Qb7 83. Kb3 Qf7 84. Re3 Qg8 85. Re5+ Kg4 86. Rg5+ Qxg5 87. fxg5+ Kxg5 88. b5 1-0


[Site "https://www.chess.com"]

[Event "Titled Tuesday Blitz April 05 Late 2022"]
[White "Sanal, Vahap"]
[Black "Bazeev, German"]
[WhiteFideId "6300545"]
[BlackFideId "24119350"]
[WhiteElo "2603"]
[BlackElo "2493"]
[Result "1-0"]
[Round "06"]
[TimeControl "180+1"]
[Date "2022.04.05"]
[WhiteClock "0:00:31"]
[BlackClock "0:00:27"]

1. Nf3 Nf6 2. g3 d5 3. Bg2 c6 4. O-O Bg4 5. d3 Nbd7 6. Nbd2 e5 7. h3 Bh5 8. g4 Bg6 9. Nh4 Bd6 10. e3 Qc7 11. b3 O-O-O 12. Bb2 h6 13. Nxg6 fxg6 14. Qe2 g5 15. c4 d4 16. Ne4 Nxe4 17. Bxe4 Nf6 18. Bg2 Kb8 19. Rfc1 e4 20. exd4 exd3 21. Qxd3 h5 22. gxh5 g4 23. d5 Be5 24. Bxe5 Qxe5 25. Re1 Qf4 26. Qe3 Qxe3 27. Rxe3 cxd5 28. hxg4 Nxg4 29. Rg3 Nf6 30. Rxg7 Rxh5 31. Re1 Ne4 32. Bxe4 dxe4 33. Rxe4 Rh6 34. Ree7 Rb6 35. Kf1 a5 36. Ke2 a4 37. Re3 a3 38. Rg5 Rbd6 39. Re7 Rd2+ 40. Kf3 Rxa2 41. Rb5 Rf8+ 42. Ke3 Rfxf2 43. Rbxb7+ Kc8 44. Rec7+ Kd8 45. Rh7 Rae2+ 46. Kd3 a2 47. Rb8# 1-0


[Site "https://www.chess.com"]

[Event "Titled Tuesday Blitz April 05 Late 2022"]
[White "Sapunov, Evgeny"]
[Black "Galego, Luis"]
[WhiteFideId "4126661"]
[BlackFideId "1900072"]
[WhiteElo "2470"]
[BlackElo "2516"]
[Result "1-0"]
[Round "06"]
[TimeControl "180+1"]
[Date "2022.04.05"]
[WhiteClock "0:01:38"]
[BlackClock "0:00:12"]

1. c4 e5 2. Nf3 Nc6 3. Nc3 f5 4. d4 d6 5. dxe5 Nxe5 6. e3 Nf6 7. Be2 Be7 8. O-O O-O 9. b3 b6 10. Bb2 c6 11. Qc2 Qc7 12. Rad1 Bd7 13. Nd4 g6 14. h3 Rae8 15. f4 Nf7 16. Bf3 a6 17. Rfe1 c5 18. Nde2 Bc6 19. Nd5 Nxd5 20. Bxd5 Bxd5 21. Rxd5 Nd8 22. Nc3 Nc6 23. Rd2 Nb4 24. Qc1 Bh4 25. Ree2 d5 26. cxd5 a5 27. a3 Na6 28. d6 Qf7 29. Nd5 1-0


[Site "https://www.chess.com"]

[Event "Titled Tuesday Blitz April 05 Late 2022"]
[White "Sarana, Alexey"]
[Black "Fedoseev, Vladimir"]
[WhiteFideId "24133795"]
[BlackFideId "24130737"]
[WhiteElo "2666"]
[BlackElo "2726"]
[Result "0-1"]
[Round "06"]
[TimeControl "180+1"]
[Date "2022.04.05"]
[WhiteClock "0:00:01"]
[BlackClock "0:00:39"]

1. d4 Nf6 2. c4 g6 3. Nc3 d5 4. cxd5 Nxd5 5. e4 Nxc3 6. bxc3 Bg7 7. Be3 c5 8. Qd2 O-O 9. Rc1 e5 10. d5 Nd7 11. Bb5 b6 12. Ne2 f5 13. f3 fxe4 14. fxe4 Nf6 15. Ng3 Bd7 16. Bxd7 Qxd7 17. O-O Ne8 18. Bh6 Nd6 19. Bxg7 Qxg7 20. Qg5 h5 21. Rxf8+ Rxf8 22. Rf1 Rxf1+ 23. Kxf1 Kf7 24. Ke2 Qf6 25. Qh6 h4 26. Qh7+ Kf8 27. Qh6+ Ke7 28. Qh7+ Kd8 29. Qg8+ Kc7 30. Qh7+ Kb8 31. Nf1 Nxe4 32. Ne3 Qf2+ 33. Kd3 Nd6 34. Qh8+ Kb7 35. Qxe5 c4+ 36. Nxc4 Qf1+ 37. Kc2 Nxc4 38. Qg7+ Ka6 39. Qxg6 Qe2+ 40. Kb3 Na5+ 41. Ka3 Qd2 42. Qf6 Nc4+ 43. Kb4 Qxd5 44. a4 Nd2 0-1


[Site "https://www.chess.com"]

[Event "Titled Tuesday Blitz April 05 Late 2022"]
[White "Shapiro, David"]
[Black "Martin Duque, Jesus"]
[WhiteFideId "24133523"]
[BlackFideId "2208954"]
[WhiteElo "2565"]
[BlackElo "2449"]
[Result "0-1"]
[Round "06"]
[TimeControl "180+1"]
[Date "2022.04.06"]
[WhiteClock "0:00:23"]
[BlackClock "0:00:21"]

1. d4 Nf6 2. Nc3 d5 3. Bf4 a6 4. e3 e6 5. g4 c5 6. g5 Nfd7 7. h4 b5 8. Bg2 Bb7 9. h5 b4 10. Nce2 Nc6 11. g6 hxg6 12. hxg6 Rxh1 13. gxf7+ Kxf7 14. Bxh1 c4 15. Ng3 Qh4 16. Nf3 Qh8 17. Ng5+ Ke7 18. Qg4 Nd8 19. Nf3 Nf6 20. Bg5 Bc8 21. Ne5 Ke8 22. Qf3 Nf7 23. Bxf6 gxf6 24. Nxc4 Ng5 25. Qf4 Qh2 26. Nb6 e5 27. dxe5 Nh3 28. O-O-O Nxf4 29. Nxa8 Qxf2 30. Nc7+ Kd8 31. Nxd5 Nxd5 32. Rxd5+ Kc7 0-1


[Site "https://www.chess.com"]

[Event "Titled Tuesday Blitz April 05 Late 2022"]
[White "Silvestre, Christian"]
[Black "D`Arruda, Ricardo D."]
[WhiteFideId "30956269"]
[BlackFideId "100692"]
[WhiteElo "2386"]
[BlackElo "2136"]
[Result "1-0"]
[Round "06"]
[TimeControl "180+1"]
[Date "2022.04.06"]
[WhiteClock "0:00:12"]
[BlackClock "0:00:01"]

1. c4 e5 2. Nc3 Nf6 3. g3 Nc6 4. Bg2 Bb4 5. e4 O-O 6. Nge2 d6 7. a3 Bc5 8. O-O a5 9. h3 Be6 10. d3 Nd4 11. Nxd4 Bxd4 12. Qe1 c6 13. Be3 d5 14. cxd5 cxd5 15. Bg5 Bxc3 16. Qxc3 dxe4 17. dxe4 h6 18. Be3 Nd7 19. Rfd1 Qe7 20. Rac1 b5 21. Qc7 Rfb8 22. f4 exf4 23. gxf4 g6 24. e5 Rc8 25. Qd6 Qh4 26. Rxc8+ Rxc8 27. Qd4 Rc4 28. Qd2 Bxh3 29. Bf2 Qg4 30. Be3 Re4 31. Rf1 Rxe3 32. Kh2 Qg3+ 33. Kg1 Rd3 34. Qf2 Qxg2+ 35. Qxg2 Bxg2 36. Kxg2 Nc5 37. Rf2 Ne6 38. Rc2 b4 39. Rc8+ Kg7 40. Kf2 b3 41. Rb8 Nxf4 42. e6 1-0


[Site "https://www.chess.com"]

[Event "Titled Tuesday Blitz April 05 Late 2022"]
[White "Soysal, Serkan"]
[Black "Jarocka, Liwia"]
[WhiteFideId "6349250"]
[BlackFideId "21807558"]
[WhiteElo "2584"]
[BlackElo "2367"]
[Result "1/2-1/2"]
[Round "06"]
[TimeControl "180+1"]
[Date "2022.04.06"]
[WhiteClock "0:00:03"]
[BlackClock "0:01:24"]

1. Nf3 c5 2. e4 d6 3. d4 cxd4 4. Nxd4 Nf6 5. f3 e5 6. Bb5+ Bd7 7. Bxd7+ Qxd7 8. Ne2 d5 9. exd5 Qxd5 10. Qxd5 Nxd5 11. a3 Nc6 12. Nbc3 Nxc3 13. Nxc3 O-O-O 14. Be3 Be7 15. Rd1 f5 16. Nd5 Bf6 17. Nxf6 gxf6 18. g3 b6 19. Kf2 Kc7 20. Bh6 Rxd1 21. Rxd1 Rd8 22. Rxd8 Kxd8 23. Be3 Kd7 24. Ke2 Ke6 25. Kd3 b5 26. c4 a6 27. cxb5 axb5 28. b3 Kd5 29. a4 e4+ 30. fxe4+ fxe4+ 31. Kc3 bxa4 32. bxa4 Ne5 33. a5 Nf3 34. a6 Kc6 35. h4 f5 36. a7 Kb7 37. Kc4 Nh2 38. Kd4 Nf1 39. Bf4 Kxa7 40. g4 fxg4 41. Kxe4 Kb7 42. h5 Kc6 43. Kf5 g3 44. Bxg3 Nxg3+ 45. Kg5 Kd5 46. Kh6 Nxh5 47. Kxh7 1/2-1/2


[Site "https://www.chess.com"]

[Event "Titled Tuesday Blitz April 05 Late 2022"]
[White "Spata, German"]
[Black "Sanchez Alvares, Kelvin Antonio"]
[WhiteFideId "113026"]
[BlackFideId "3906680"]
[WhiteElo "2591"]
[BlackElo "2501"]
[Result "1/2-1/2"]
[Round "06"]
[TimeControl "180+1"]
[Date "2022.04.06"]
[WhiteClock "0:00:10"]
[BlackClock "0:00:22"]

1. e4 e5 2. Nc3 Nc6 3. Bc4 Bc5 4. d3 Nf6 5. Nf3 d6 6. Bg5 h6 7. Bxf6 Qxf6 8. Nd5 Qd8 9. c3 Bg4 10. h3 Be6 11. b4 Bb6 12. a4 a5 13. b5 Ne7 14. Nxb6 cxb6 15. Bxe6 fxe6 16. O-O O-O 17. c4 Ng6 18. g3 Qe7 19. Nh2 Rf6 20. Ng4 Rf7 21. Qe2 Raf8 22. Qe3 Rf3 23. Qxb6 h5 24. Nh2 Rxd3 25. Rad1 Rxd1 26. Rxd1 h4 27. Qxd6 hxg3 28. fxg3 Qg5 29. Qxe6+ Kh7 30. Qg4 Qe3+ 31. Kh1 Rf6 32. Qh5+ Kg8 33. Qg4 Kh7 34. Rf1 Rxf1+ 35. Nxf1 Qf2 36. Qh5+ Kg8 37. Qxg6 Qxf1+ 38. Kh2 Qf2+ 39. Kh1 Qf1+ 40. Kh2 Qf2+ 41. Kh1 Qf1+ 1/2-1/2


[Site "https://www.chess.com"]

[Event "Titled Tuesday Blitz April 05 Late 2022"]
[White "Stoenescu, Radu"]
[Black "Ardila, Oscar Humberto"]
[WhiteFideId "610143"]
[BlackFideId "4404742"]
[WhiteElo "1934"]
[BlackElo "1983"]
[Result "0-1"]
[Round "06"]
[TimeControl "180+1"]
[Date "2022.04.06"]
[WhiteClock "0:00:03"]
[BlackClock "0:00:22"]

1. e4 e5 2. Nf3 Nf6 3. Nxe5 d6 4. Nxf7 Kxf7 5. d4 c5 6. Bc4+ Be6 7. Bxe6+ Kxe6 8. d5+ Kf7 9. Nc3 Nbd7 10. f4 Be7 11. O-O Re8 12. g4 Nb6 13. g5 Nfd7 14. Qh5+ Kg8 15. f5 Nf8 16. Qh4 Nbd7 17. Bf4 a6 18. Rae1 b5 19. e5 dxe5 20. Bxe5 Nxe5 21. Rxe5 Bd6 22. Re6 Qd7 23. Ne4 Be5 24. f6 Rxe6 25. dxe6 Qxe6 26. fxg7 Bxg7 27. Nf6+ Bxf6 28. gxf6 Ng6 29. Qh6 Qf7 30. h4 Rf8 31. h5 Kh8 32. hxg6 Qxg6+ 0-1


[Site "https://www.chess.com"]

[Event "Titled Tuesday Blitz April 05 Late 2022"]
[White "Svane, Frederik"]
[Black "Mikhailov, Viacheslav"]
[WhiteFideId "12923044"]
[BlackFideId "4187369"]
[WhiteElo "2459"]
[BlackElo "2381"]
[Result "1/2-1/2"]
[Round "06"]
[TimeControl "180+1"]
[Date "2022.04.05"]
[WhiteClock "0:01:06"]
[BlackClock "0:02:24"]

1. e4 d6 2. d4 Nf6 3. Nd2 g6 4. Ngf3 Bg7 5. Bd3 O-O 6. O-O Bg4 7. h3 Bxf3 8. Nxf3 Nc6 9. d5 Nb8 10. Re1 c6 11. Bf1 Nbd7 12. Bg5 Re8 13. c3 Qb6 14. Qd2 cxd5 15. exd5 Qa5 16. Bc4 Rac8 17. Bb3 Nc5 18. Bc2 Ncd7 19. Bb3 Nc5 20. Bc2 Ncd7 21. Bb3 1/2-1/2


[Site "https://www.chess.com"]

[Event "Titled Tuesday Blitz April 05 Late 2022"]
[White "Swicarz, Maciej"]
[Black "Putri, Regita Desyari"]
[WhiteFideId "1113585"]
[BlackFideId "7109083"]
[WhiteElo "2521"]
[BlackElo "2316"]
[Result "1-0"]
[Round "06"]
[TimeControl "180+1"]
[Date "2022.04.06"]
[WhiteClock "0:01:38"]
[BlackClock "0:01:27"]

1. c4 Nf6 2. Nc3 e5 3. Nf3 Nc6 4. e4 Bb4 5. d3 O-O 6. a3 Bxc3+ 7. bxc3 d6 8. g3 h6 9. Rb1 Nh7 10. Bg2 Rb8 11. O-O Be6 12. Ne1 f5 13. exf5 Bxf5 14. Nc2 Kh8 15. Ne3 Bg6 16. a4 Ng5 17. h4 Ne6 18. Ba3 Nc5 19. Bxc5 dxc5 20. Bxc6 bxc6 21. Rxb8 Qxb8 22. Ng4 e4 23. Ne5 Bh7 24. Nd7 Qc8 25. Nxf8 Qxf8 26. d4 Bg8 27. d5 cxd5 28. cxd5 Qf6 29. c4 Qc3 30. Qc1 Qb4 31. Qc2 Bh7 32. Rb1 Qa3 33. Qb3 Qxb3 34. Rxb3 Kg8 35. Rb7 e3 36. fxe3 Bd3 37. Rxc7 Bxc4 38. Rxc5 Bb3 39. a5 1-0


[Site "https://www.chess.com"]

[Event "Titled Tuesday Blitz April 05 Late 2022"]
[White "Sztokbant, Bernardo Vainzoff"]
[Black "Sarkar, Justin"]
[WhiteFideId "2115956"]
[BlackFideId "2010011"]
[WhiteElo "2529"]
[BlackElo "2319"]
[Result "1-0"]
[Round "06"]
[TimeControl "180+1"]
[Date "2022.04.06"]
[WhiteClock "0:00:07"]
[BlackClock "0:00:01"]

1. e4 Nf6 2. Nc3 d5 3. exd5 Nxd5 4. Qf3 c6 5. Bc4 e6 6. d4 Nb6 7. Bd3 Qxd4 8. Nge2 Qf6 9. Qg3 N8d7 10. Bg5 Qe5 11. Bf4 Qh5 12. O-O-O Nd5 13. Bd2 Ne5 14. Be4 Nc4 15. Be1 Bd6 16. Qxg7 Be5 17. g4 Qh4 18. f4 Bxg7 19. Bxh4 O-O 20. Rd3 Nxc3 21. Nxc3 f5 22. gxf5 exf5 23. Bf3 Be6 24. Rg1 Kh8 25. b3 Nb6 26. Re1 Bf7 27. Re7 Rae8 28. Rxb7 Bh6 29. Bf6+ Kg8 30. Bg5 Bxg5 31. fxg5 Nd5 32. Nxd5 Bxd5 33. Bxd5+ cxd5 34. Rxa7 Rf7 35. Rxf7 Kxf7 36. Rxd5 Kg6 37. h4 f4 38. Rd6+ Kf5 39. Rf6+ Kg4 40. a4 f3 41. b4 Kg3 42. Kb2 f2 43. a5 Kg2 44. b5 f1=Q 45. Rxf1 Kxf1 46. b6 Kg2 47. a6 1-0


[Site "https://www.chess.com"]

[Event "Titled Tuesday Blitz April 05 Late 2022"]
[White "Tanenbaum, Zachary"]
[Black "Gogolev, Artem"]
[WhiteFideId "2060850"]
[BlackFideId "4116615"]
[WhiteElo "2168"]
[BlackElo "2126"]
[Result "1-0"]
[Round "06"]
[TimeControl "180+1"]
[Date "2022.04.05"]
[WhiteClock "0:01:15"]
[BlackClock "0:00:09"]

1. e4 c6 2. d4 d5 3. exd5 cxd5 4. Bd3 Nc6 5. c3 Nf6 6. Bf4 Bg4 7. Qb3 Qc8 8. Nd2 e6 9. Ngf3 Be7 10. O-O O-O 11. Qc2 Bh5 12. Ne5 Bg6 13. Nxg6 hxg6 14. Nf3 Qd8 15. Qe2 Bd6 16. Bxd6 Qxd6 17. Ne5 a6 18. a4 Rab8 19. f4 Ne7 20. Rf3 b5 21. axb5 axb5 22. Rh3 Nf5 23. Ra7 b4 24. Rxf7 bxc3 25. bxc3 Qa3 26. Rxf8+ Rxf8 27. Nxg6 Re8 28. Rh8+ Kf7 29. Ne5+ Ke7 30. Rxe8+ Kxe8 31. Qe1 Ne4 32. Qb1 Qxc3 33. Qb8+ Ke7 34. Qb7+ Kd8 35. Qd7# 1-0


[Site "https://www.chess.com"]

[Event "Titled Tuesday Blitz April 05 Late 2022"]
[White "Unver, Cumali"]
[Black "Gatterer, Florian"]
[WhiteFideId "6304940"]
[BlackFideId "811688"]
[WhiteElo "2013"]
[BlackElo "2218"]
[Result "0-1"]
[Round "06"]
[TimeControl "180+1"]
[Date "2022.04.06"]
[WhiteClock "0:00:21"]
[BlackClock "0:00:11"]

1. e4 d5 2. exd5 Qxd5 3. Nc3 Qd8 4. Nf3 Nf6 5. d4 Bg4 6. h3 Bh5 7. g4 Bg6 8. Ne5 c6 9. Bg2 Nfd7 10. Nxg6 hxg6 11. O-O e6 12. Bf4 Nf6 13. Re1 Be7 14. Ne4 Nxe4 15. Rxe4 Nd7 16. c3 Nf6 17. Re2 Bd6 18. Bg5 O-O 19. h4 Qc7 20. Bf3 Bf4 21. Bxf6 gxf6 22. h5 gxh5 23. gxh5 Kh8 24. Qd3 Rg8+ 25. Kh1 Rg5 26. Ree1 Bh2 27. Qe4 Rag8 28. Qh4 Bf4 29. Rg1 Rxg1+ 30. Rxg1 Bg5 31. Qe4 a6 32. b3 Qa5 33. Qc2 Bf4 34. Rxg8+ Kxg8 35. a4 Qg5 36. b4 f5 37. c4 Kg7 38. b5 axb5 39. axb5 cxb5 40. c5 Qh4+ 41. Kg1 b4 42. Bxb7 Qxh5 43. Bg2 Qh2+ 44. Kf1 Qh5 45. Qb2 Qd1# 0-1


[Site "https://www.chess.com"]

[Event "Titled Tuesday Blitz April 05 Late 2022"]
[White "Urbina Perez, Juan Antonio"]
[Black "Melikhov, Evgeny V."]
[WhiteFideId "2217368"]
[BlackFideId "4122046"]
[WhiteElo "2475"]
[BlackElo "2351"]
[Result "0-1"]
[Round "06"]
[TimeControl "180+1"]
[Date "2022.04.06"]
[WhiteClock "0:00:46"]
[BlackClock "0:00:09"]

1. e4 e5 2. Nf3 Nc6 3. Bb5 a6 4. Ba4 Nf6 5. d3 b5 6. Bb3 Be7 7. O-O d6 8. a4 Rb8 9. axb5 axb5 10. Nc3 O-O 11. Nd5 Be6 12. Nxe7+ Qxe7 13. c3 Bxb3 14. Qxb3 h6 15. h3 Nd8 16. Ra7 Ne6 17. Be3 Nd7 18. Rfa1 Kh7 19. Qd5 f5 20. exf5 Rxf5 21. Qe4 g6 22. d4 Nf6 23. Qc2 e4 24. Nd2 d5 25. b3 Nf4 26. c4 bxc4 27. bxc4 Nd3 28. cxd5 Nxd5 29. Nc4 Rbf8 30. Ne5 Nxe5 31. dxe5 R8f7 32. Qc4 Nxe3 33. fxe3 Qxe5 34. Rc1 Qg3 35. Qxe4 h5 36. Qb7 Qxe3+ 37. Kh2 Qxc1 38. Qd5 Rxd5 0-1


[Site "https://www.chess.com"]

[Event "Titled Tuesday Blitz April 05 Late 2022"]
[White "Vovk, Orest"]
[Black "Javakhadze, Zurab"]
[WhiteFideId "14113490"]
[BlackFideId "13603647"]
[WhiteElo "2512"]
[BlackElo "2638"]
[Result "0-1"]
[Round "06"]
[TimeControl "180+1"]
[Date "2022.04.06"]
[WhiteClock "0:00:01"]
[BlackClock "0:00:08"]

1. h4 e5 2. h5 h6 3. Nc3 d5 4. e4 d4 5. Nce2 Bg4 6. Nf3 Nc6 7. Ng3 Nf6 8. Bc4 Qd7 9. d3 Bb4+ 10. Bd2 Bxd2+ 11. Qxd2 O-O-O 12. O-O-O a6 13. Rdf1 Ne8 14. Nh4 Nd6 15. Bb3 Be6 16. f4 Bxb3 17. axb3 exf4 18. Qxf4 Nb4 19. e5 Qc6 20. Qd2 Qc5 21. exd6 Qa5 22. Kd1 Rxd6 23. Rxf7 Re8 24. Ne4 Rc6 25. c4 dxc3 26. bxc3 Qa1+ 27. Qc1 Qa2 28. Rf2 Qxb3+ 29. Ke2 Nxd3 30. Kxd3 Qc4+ 31. Kd2 Qxe4 32. Nf3 Qe3+ 33. Kc2 Qxf2+ 34. Kb1 Rb6+ 35. Ka1 Qc5 36. Rd1 Qa5+ 0-1


[Site "https://www.chess.com"]

[Event "Titled Tuesday Blitz April 05 Late 2022"]
[White "Ward, Ieuan C"]
[Black "Yurtseven, Melih"]
[WhiteFideId "406627"]
[BlackFideId "6312160"]
[WhiteElo "2302"]
[BlackElo "2160"]
[Result "0-1"]
[Round "06"]
[TimeControl "180+1"]
[Date "2022.04.06"]
[WhiteClock "0:00:17"]
[BlackClock "0:00:06"]

1. e4 e5 2. Nf3 Nc6 3. Bc4 Nf6 4. d3 h6 5. O-O d6 6. h3 g5 7. Kh1 g4 8. Ng1 gxh3 9. Nxh3 Bxh3 10. gxh3 Qd7 11. Qf3 O-O-O 12. c3 Rg8 13. Rg1 Be7 14. Be3 Rxg1+ 15. Kxg1 Rg8+ 16. Kh2 d5 17. Bxd5 Nxd5 18. exd5 Nd8 19. Nd2 f5 20. Nc4 Nf7 21. Rg1 Bg5 22. Bxg5 hxg5 23. d6 g4 24. Qd5 cxd6 25. f3 Rh8 26. fxg4 Ng5 27. gxf5 Rxh3+ 28. Kg2 Qh7 29. Nxd6+ Kb8 30. Qxe5 Nf3 31. Qe8+ Kc7 32. Qf7+ Qxf7 33. Nxf7 Nxg1 34. Kxg1 Rxd3 35. Kf2 Rd2+ 36. Ke3 Rxb2 37. Ne5 Rxa2 38. f6 Kd6 39. Ke4 Ke6 40. f7 Ra4+ 41. c4 Ke7 42. Kd5 Ra5+ 43. c5 Ra1 44. c6 Rd1+ 45. Kc5 b6+ 46. Kb5 Rd5+ 47. Ka6 Rxe5 48. c7 Rc5 49. Kb7 b5 50. c8=Q Rxc8 51. Kxc8 b4 0-1


[Site "https://www.chess.com"]

[Event "Titled Tuesday Blitz April 05 Late 2022"]
[White "Weetik, Vjacheslav"]
[Black "Al-Tarboush, Ward"]
[WhiteFideId "4153472"]
[BlackFideId "7601450"]
[WhiteElo "2611"]
[BlackElo "2503"]
[Result "0-1"]
[Round "06"]
[TimeControl "180+1"]
[Date "2022.04.06"]
[WhiteClock "0:00:06"]
[BlackClock "0:02:10"]

1. e4 e6 2. d4 d5 3. Nd2 c5 4. exd5 Qxd5 5. Ngf3 cxd4 6. Bc4 Qd6 7. O-O Nf6 8. Nb3 Nc6 9. Nbxd4 Nxd4 10. Qxd4 Qxd4 11. Nxd4 Be7 12. Be2 O-O 13. Bf4 Nd5 14. Bg3 Bf6 15. Rad1 Bd7 16. Bf3 Rac8 17. c3 Rfd8 18. Bxd5 exd5 19. Rfe1 Re8 20. Nf3 Bg4 21. Rxe8+ Rxe8 22. Rxd5 Be6 23. Ra5 a6 24. h3 Bd8 25. Re5 f6 26. Re1 Kf7 27. a3 b5 28. Nd4 Bd7 29. Rxe8 Kxe8 30. Nb3 Bb6 31. Kf1 Be6 32. Nd2 Kd7 33. f3 Kc6 34. Bf2 Bc7 35. Ke2 Bf4 36. Ne4 Bc1 37. b4 Bxa3 38. Nc5 Bc4+ 39. Kd2 a5 40. Nd3 Bxd3 41. Kxd3 axb4 42. cxb4 Bxb4 43. g4 Bc5 44. Be1 Kd5 45. h4 b4 46. Bd2 b3 47. Kc3 Bb4+ 0-1


[Site "https://www.chess.com"]

[Event "Titled Tuesday Blitz April 05 Late 2022"]
[White "Wesolowska, Hanna"]
[Black "Reprintsev, Alexander"]
[WhiteFideId "1104683"]
[BlackFideId "14100541"]
[WhiteElo "2355"]
[BlackElo "2551"]
[Result "0-1"]
[Round "06"]
[TimeControl "180+1"]
[Date "2022.04.06"]
[WhiteClock "0:00:25"]
[BlackClock "0:00:42"]

1. e4 d5 2. Nc3 d4 3. Nce2 c5 4. Ng3 Qa5 5. Bc4 Nc6 6. Nf3 h5 7. h4 Bg4 8. O-O e6 9. c3 b5 10. Bb3 c4 11. Bc2 d3 12. Bb1 Qb6 13. a4 b4 14. cxb4 Bxb4 15. b3 cxb3 16. Qxb3 Bxf3 17. gxf3 Be7 18. Qxd3 Bxh4 19. Kg2 Rd8 20. Qb5 Bf6 21. Ra2 h4 22. Qxb6 axb6 23. Rh1 Nge7 24. Ba3 Ng6 25. Ne2 Nd4 26. Bd3 Nxe2 27. Bxe2 Nf4+ 28. Kf1 Be7 29. Bb5+ Kf8 30. Bxe7+ Kxe7 31. Rc2 Kf6 32. Ke1 h3 33. Rh2 Rd4 34. Rc4 Rhd8 35. Rxd4 Rxd4 36. Kd1 e5 37. Kc2 Kg5 38. Kc3 Kh4 39. Rh1 g6 40. Rh2 f5 41. Bc6 Ne2+ 42. Kc2 Rc4+ 43. Kd3 Rxc6 44. Kxe2 f4 45. Rh1 Rc4 46. Kd3 Rxa4 47. Kc3 Ra3+ 48. Kc2 Rxf3 0-1


[Site "https://www.chess.com"]

[Event "Titled Tuesday Blitz April 05 Late 2022"]
[White "Wieczorek, Oskar"]
[Black "Suarez Uriel, Adrian"]
[WhiteFideId "1133950"]
[BlackFideId "22230874"]
[WhiteElo "2610"]
[BlackElo "2489"]
[Result "1-0"]
[Round "06"]
[TimeControl "180+1"]
[Date "2022.04.06"]
[WhiteClock "0:00:10"]
[BlackClock "0:00:23"]

1. e4 c5 2. Nf3 Nc6 3. b4 b6 4. bxc5 bxc5 5. Bb5 Qc7 6. Nc3 e6 7. O-O Be7 8. Re1 a6 9. Ba4 Nf6 10. e5 Nd5 11. Nxd5 exd5 12. d4 c4 13. c3 O-O 14. Bf4 d6 15. Bc2 dxe5 16. dxe5 Bg4 17. h3 Bh5 18. Qxd5 Rad8 19. Qxc4 Bxf3 20. gxf3 Qc8 21. Kg2 Na5 22. Qe4 g6 23. Bh6 Rfe8 24. Rac1 Qc4 25. Qxc4 Nxc4 26. Ba4 Bf8 27. Bg5 Be7 28. Bh6 Bf8 29. Bf4 Re6 30. Bb3 Rc6 31. Re4 Na5 32. Ba4 Rc4 33. Rxc4 Nxc4 34. Bb3 Nb2 35. Bg5 Re8 36. f4 h6 37. Bf6 Nd3 38. Rd1 Nxf4+ 39. Kf3 Ne6 40. Rd7 Bg7 41. Bxg7 Kxg7 42. Ra7 Ng5+ 43. Kf4 Nxh3+ 44. Kg3 Ng5 45. f4 Ne6 46. Rxa6 Nc5 47. Ra7 Nxb3 48. axb3 Rd8 49. Rc7 Rd3+ 50. Kg2 g5 51. fxg5 hxg5 52. e6 Kf6 53. exf7 Kg7 54. b4 g4 55. b5 Rd5 56. c4 Rd2+ 57. Kg3 1-0


[Site "https://www.chess.com"]

[Event "Titled Tuesday Blitz April 05 Late 2022"]
[White "Winkels, Marcel"]
[Black "Sliwicki, Damian"]
[WhiteFideId "1003887"]
[BlackFideId "1127128"]
[WhiteElo "1900"]
[BlackElo "2084"]
[Result "0-1"]
[Round "06"]
[TimeControl "180+1"]
[Date "2022.04.06"]
[WhiteClock "0:01:02"]
[BlackClock "0:00:10"]

1. e4 e5 2. Nf3 Nc6 3. Bc4 Nf6 4. d3 d6 5. c3 g6 6. O-O Bg7 7. h3 O-O 8. Re1 h6 9. a4 Qe7 10. Nbd2 Kh7 11. Nf1 Nh5 12. Be3 f5 13. exf5 Bxf5 14. d4 e4 15. N3d2 Rae8 16. g4 Nf6 17. gxf5 gxf5 18. Ng3 d5 19. Be2 Nd7 20. Bf4 Qh4 21. Bxc7 f4 22. Nh1 Rg8 23. Bf1 Be5+ 24. Bg2 Bxc7 25. f3 Qxh3 26. Qe2 exf3 27. Qxf3 Qh4 28. Qd3+ Kh8 29. Nf3 Rxg2+ 30. Kxg2 Rg8+ 31. Kf1 Qxh1+ 32. Ke2 Rg2+ 33. Kd1 Qh5 34. Kc1 Nf6 35. Ne5 Bxe5 36. dxe5 Nxe5 37. Qd4 Ne4 38. Rxe4 dxe4 39. Qxe4 Qh1+ 0-1


[Site "https://www.chess.com"]

[Event "Titled Tuesday Blitz April 05 Late 2022"]
[White "Xiong, Jeffery"]
[Black "Andreikin, Dmitry"]
[WhiteFideId "2047640"]
[BlackFideId "4158814"]
[WhiteElo "2727"]
[BlackElo "2736"]
[Result "0-1"]
[Round "06"]
[TimeControl "180+1"]
[Date "2022.04.05"]
[WhiteClock "0:00:02"]
[BlackClock "0:00:29"]

1. e4 c5 2. Nf3 e6 3. c3 d5 4. exd5 exd5 5. d4 Nc6 6. Bb5 Bd6 7. O-O Nf6 8. Bg5 O-O 9. dxc5 Bxc5 10. Nbd2 h6 11. Bh4 Bb6 12. Re1 Bg4 13. h3 Bh5 14. Nf1 g5 15. Bg3 Ne4 16. c4 Nd4 17. Ba4 Qf6 18. Re3 Rad8 19. Be5 Nxf3+ 20. Qxf3 Qxe5 21. Qxh5 Qxb2 22. Qxh6 Qxa1 23. Bc2 Bxe3 24. fxe3 Qg7 25. Qh5 Rfe8 26. cxd5 Rxd5 27. Qf3 Rde5 28. Qg4 Qf6 29. Bxe4 Rxe4 30. Qh5 Rxe3 0-1


[Site "https://www.chess.com"]

[Event "Titled Tuesday Blitz April 05 Late 2022"]
[White "Yuan, Qingyu"]
[Black "Chernobay, Artem"]
[WhiteFideId "8609772"]
[BlackFideId "4167406"]
[WhiteElo "2359"]
[BlackElo "2473"]
[Result "1-0"]
[Round "06"]
[TimeControl "180+1"]
[Date "2022.04.05"]
[WhiteClock "0:00:10"]
[BlackClock "0:00:03"]

1. e4 c5 2. Nf3 d6 3. Bb5+ Nd7 4. c4 Nf6 5. Nc3 g6 6. h3 Bg7 7. d3 O-O 8. Ba4 Ne5 9. Be3 b6 10. Nxe5 dxe5 11. a3 Bb7 12. b4 cxb4 13. axb4 Nh5 14. O-O Nf4 15. Nd5 Nxd5 16. exd5 f5 17. Bc6 Bxc6 18. dxc6 Qd6 19. b5 f4 20. Bc1 e4 21. Ba3 Qe6 22. dxe4 Bxa1 23. Qxa1 f3 24. Qc3 fxg2 25. Rd1 Qxe4 26. Bb2 Rf6 27. Qd4 Qf3 28. Qd5+ Qxd5 29. cxd5 Rf3 30. Re1 Rb3 31. Rxe7 Rxb2 32. d6 Rd2 33. d7 Rf8 34. Re8 1-0


[Site "https://www.chess.com"]